 Dungeon Crawl Stone Soup version 0.30.0-10-gfe55d96785 (webtiles) character file.

Game seed: 641910476200197004

258 dialectric the Slasher (level 6, -4/75 HPs)
             Began as a Barachi Chaos Knight on May 13, 2023.
             Was a Plaything of Xom.
             Slain by a hound (5 damage)
             ... on level 5 of the Dungeon.
             The game lasted 00:03:18 (2771 turns).

dialectric the Slasher (Barachi Chaos Knight)       Turns: 2771, Time: 00:03:19

Health: -4/75      AC: 23    Str: 21    XL:     6   Next: 16%
Magic:  6/6        EV:  2    Int: 12    God:    Xom [..*...]
Gold:   234        SH:  0    Dex: 12    Spells: 5/5 levels left

rFire   . . .        a - +0 falchion (chaos)
rCold   + . .        (no shield)
rNeg    . . .        b - melded +2 leather armour
rPois   +            (helmet currently unavailable)
rElec   .            (cloak currently unavailable)
rCorr   .            (gloves currently unavailable)
SInv    .            q - melded +0 pair of boots
Will    .....        (no amulet)
Stlth   +            v - +6 ring of strength
HPRegen 0.32/turn    u - ring of protection from cold
MPRegen 0.10/turn

%: no passive effects
@: tree-form
A: stationary, stasis, torment immunity, boosted hp, (amphibious), (slowness 1),
(strong legs 1), +LOS
a: Renounce Religion


You were on level 5 of the Dungeon.
You worshipped Xom.
You were a toy of Xom.
You were a tree.
You visited 1 branch of the dungeon, and saw 5 of its levels.

You collected 234 gold pieces.

Inventory:

Hand Weapons
 a - a +0 falchion of chaos (weapon)
 s - a +0 short sword of venom
Missiles
 i - 5 boomerangs
 r - 6 poisoned darts (quivered)
Armour
 b - a +2 leather armour (melded)
 q - a +0 pair of boots (melded)
Jewellery
 t - a ring of willpower
 u - a ring of protection from cold (right branch)
 v - a +6 ring of strength (left branch)
Scrolls
 e - a scroll of fog {unknown}
 f - 2 scrolls of teleportation {unknown}
 g - 7 scrolls of identify {unknown}
 h - a scroll of magic mapping {unknown}
 k - 2 scrolls of poison {unknown}
 m - a scroll of amnesia {unknown}
 n - a scroll of vulnerability {unknown}
 p - a scroll of immolation {unknown}
Potions
 d - 2 potions of degeneration {unknown}
 j - 2 potions of lignification
 l - a potion of attraction {unknown}
 o - a potion of curing {unknown}
Miscellaneous
 c - a piece from Xom's chessboard (15/15)


   Skills:
 + Level 4.9 Fighting
 + Level 5.5 Long Blades
 + Level 0.4 Throwing
 * Level 3.4 Armour
 + Level 3.2 Dodging
 + Level 0.5 Stealth
 + Level 0.6 Evocations


You had 5 spell levels left.
You didn't know any spells.
Your spell library contained the following spells:

 Spells                   Type           Power      Damage    Failure   Level
 Apportation              Tloc           0%         N/A       32%         1
 Freeze                   Ice            0%         1d3       32%         1
 Sublimation of Blood     Necr           0%         N/A       45%         2
 Frozen Ramparts          Ice            0%         1d1       69%         3
 Hailstorm                Conj/Ice       0%         3d3       69%         3
 Petrify                  Tmut/Erth      0%         N/A       97%         4
 Alistair's Intoxication  Tmut/Pois      0%         N/A       100%        5
 Irradiate                Conj/Tmut      0%         3d11      100%        5


Dungeon Overview and Level Annotations

Branches:
Dungeon (5/15)
 Temple: D:4-7

Altars:
Kikubaaqudgha
Sif Muna
Trog
Xom
The Shining One

Shops:
D:1 :   D:2 :


Innate Abilities, Weirdness & Mutations

You are a tree.
Your roots penetrate the ground, keeping you stationary.
You cannot be teleported.
You are immune to unholy pain and torment.
Your maximum health is greatly increased.
Your equipment is partially melded.
((You are amphibious.))
((You cover ground slowly.))
((You can hop short distances.))
You have an extended range of vision and can be seen from far away.


Message History

* * * LOW HITPOINT WARNING * * *
You barely miss the hound.
You hear the slow rusting of a very distant drain.
The hound barely misses you. The hound bites you.
* * * LOW HITPOINT WARNING * * *
You hit the hound but do no damage. The hound closely misses you.
You barely miss the hound. The hound barely misses you. The hound bites you.
* * * LOW HITPOINT WARNING * * *
You hit the hound but do no damage. The hound misses you.
You hit the hound. You burn the hound.
The hound is moderately wounded.
The hound bites you.
* * * LOW HITPOINT WARNING * * *
The hound barely misses you.
You miss the hound.
The hound is moderately wounded.
The hound closely misses you.
It was a potion of lignification.
You turn into a tree.
Your +0 pair of boots melds into your body.
Your +2 leather armour melds into your body.
Your roots penetrate the ground.
Xom thinks this is hilarious!
The hound bites you but does no damage. x2
You hit the hound but do no damage.
The hound resists with some effort.
The hound is moderately wounded.
The hound bites you but does no damage.
You hit the hound.
The hound seems to grow stronger.
The hound is severely wounded.
The hound bites you but does no damage. The hound bites you.
* * * LOW HITPOINT WARNING * * *
You closely miss the hound.
The hound is severely wounded.
The hound bites you.
* * * LOW HITPOINT WARNING * * *
You hit the hound.
The hound seems to speed up.
The hound is almost dead.
The hound bites you!
* * * LOW HITPOINT WARNING * * *
The hound bites you.
You die...

.......#..##..##.....#
...........#.........##
#..........#..........#
##....(.......#.......
#........##...##...#
?...))<......###..#
...##.........##†##
...........#...#.#
..###...........♣## .##
##...........h## #
+......#......#
+.....###.........
+.....# ...........
#.....##.##########
#......#.. ..........#
##########


You could see a hound (fast, strong).

Vanquished Creatures
  3 hounds (D:5)
  An iguana (D:4)
  4 adders
  5 gnolls
  An ufetubus (D:4)
  A dart slug (D:4)
  An orc (D:4)
  2 ball pythons (D:1)
  5 endoplasms
  4 giant cockroaches
  7 goblins
  6 hobgoblins
  2 quokkas (D:4)
  A bat (D:1)
  A frilled lizard (D:3)
  6 kobolds
  4 rats
54 creatures vanquished.

Notes
Turn   | Place    | Note
-------+----------+-------------------------------------------
     0 | D:1      | dialectric the Barachi Chaos Knight began the quest for the
                  | Orb.
     0 | D:1      | Reached XP level 1. HP: 18/18 MP: 1/1
   150 | D:1      | Reached skill level 4 in Long Blades
   150 | D:1      | Reached XP level 2. HP: 25/25 MP: 2/2
   176 | D:1      | Found Jecwoemp's Vocational Training.
   504 | D:1      | XOM: cloud trail
   567 | D:2      | Reached XP level 3. HP: 28/30 MP: 3/3
   666 | D:2      | Found a faded altar of an unknown god.
  1052 | D:2      | XOM is BORED!
  1052 | D:2      | XOM: noise
  1079 | D:2      | Found Egiofor's Book Boutique.
  1093 | D:2      | Found a bloodstained altar of Trog.
  1382 | D:3      | Identified the +3 dagger "Tehast" {chaos, rN++ Int+2}
  1555 | D:3      | Found a glowing golden altar of the Shining One.
  1810 | D:4      | Reached XP level 4. HP: 35/38 MP: 4/4
  1948 | D:4      | XOM: cast spell 'Summon Small Mammal'
  1977 | D:4      | Found a shimmering altar of Xom.
  2011 | D:4      | Found a shimmering blue altar of Sif Muna.
  2042 | D:4      | Found an ancient bone altar of Kikubaaqudgha.
  2096 | D:4      | Reached skill level 5 in Long Blades
  2336 | D:4      | XOM: smoke on damage
  2342 | D:4      | Reached XP level 5. HP: 9/43 MP: 5/5
  2486 | D:4      | XOM: noise
  2620 | D:5      | Entered Level 5 of the Dungeon
  2731 | D:5      | Reached XP level 6. HP: 26/50 MP: 6/6
  2771 | D:5      | HP: 1/75 [hound (7)]
  2771 | D:5      | Slain by a hound

Illustrated notes

Levels and vault maps discovered:
D:1:      kennysheep_arrival_forest, layout_rooms, nicolae_shop_vocational
D:2:      layout_loops_ring, dreamdust_ecumenical_altar_statues, basic_altar,
          serial_shops, nicolae_shop_stone
D:3:      layout_basic, general_overflow_altar,
          nicolae_concentric_dashed_squares_wild
D:4:      layout_basic, mainiacjoe_overflow_catwalk,
          mainiacjoe_overflow_catwalk_spiral
D:5:      layout_cave_pools, gup_sewer_entry_bowl, serial_gnoll_camp,
          gnoll_camp_mini_hut, grums_kennel, gnoll_camp_mini_hut,
          gnoll_camp_mini_basic, gnoll_camp_mini_loothouse,
          lightli_corner_chamber

Skill      XL: |  1  2  3  4  5  6 |
---------------+-------------------+-----
Long Blades    | 4 5 |  5.5
Fighting       | 4 |  4.9
Dodging        | 2 3 |  3.2
Armour         | 3 |  3.4
Throwing       | |  0.4
Stealth        | |  0.5
Evocations     | |  0.6

Action                     |  1- 3 |  4- 6 || total
---------------------------+-------+-------++-------
  Melee: Falchion          |    96 |   117 ||   213
  Throw: Dart              |     4 |     3 ||     7
Ability: Hop               |       |     2 ||     2
  Evoke: Wand              |       |     7 ||     7
         Piece from Xom's  |       |     1 ||     1
    Use: Potion            |       |     1 ||     1
   Stab: Paralysed         |       |     3 ||     3
 Armour: Leather armour    |    38 |    48 ||    86
         Skin              |       |     4 ||     4
  Dodge: Dodged            |    59 |    96 ||   155
